 Dungeon Crawl Stone Soup version 0.22.0-21-g8bd1b0a (webtiles) character file.

15208 AverageBear the Thaumaturge (level 11, 8/60 HPs)
             Began as a Deep Elf Fighter on Aug 20, 2018.
             Was a Believer of Ashenzari.
             Quit the game on level 12 of the Dungeon.
             The game lasted 00:35:02 (17398 turns).

AverageBear the Thaumaturge (Deep Elf Fighter)     Turns: 17398, Time: 00:35:03

Health: 8/60       AC: 15    Str:  3 (15) XL:     11   Next: 98%
Magic:  29/29      EV:  3    Int:  2 (14) God:    Ashenzari [**....]
Gold:   317        SH:  6    Dex:  6 (17) Spells: 19/34 levels left

rFire    + . .     SeeInvis .   e - +3 short sword (elec) (curse)
rCold    . . .     Gourm    .   c - +0 shield
rNeg     . . .     Faith    .   u - +1 scale mail {rPois}
rPois    +         Spirit   .   (helmet restricted)
rElec    .         Reflect  .   (no cloak)
rCorr    .         Harm     .   G - +2 pair of gloves (curse)
MR       ++...                  w - +2 pair of boots {run} (curse)
Stlth    ++........             D - amulet of regeneration (curse)
HPRegen  0.60/turn              x - ring of protection from magic
MPRegen  0.21/turn              F - ring of protection from fire

@: mildly poisoned (8 -> 8), very slightly contaminated, invisible, quick
A: horns 1, agile 1, deterioration 2
a: Curse Item, Scrying, Renounce Religion


You were on level 12 of the Dungeon.
You worshipped Ashenzari.
Ashenzari was pleased with you.
You were very hungry.

You visited 2 branches of the dungeon, and saw 14 of its levels.
You also visited: Ossuary.

You collected 679 gold pieces.
You spent 362 gold pieces at shops.

Inventory:

Hand Weapons
 e - a cursed +3 short sword of electrocution (weapon)
 p - a +0 dagger of draining
Missiles
 v - 2 throwing nets (quivered)
Armour
 a - a +1 leather armour of cold resistance
 c - a +0 shield (worn)
 g - a +2 plate armour of poison resistance
 u - a +1 scale mail of poison resistance (worn)
 w - a cursed +2 pair of boots of running (worn)
 G - a cursed +2 pair of gloves (worn)
Jewellery
 i - an uncursed ring of protection from magic
 x - a ring of protection from magic (left hand)
 D - a cursed amulet of regeneration (around neck)
 F - a ring of protection from fire (right hand)
 I - an uncursed amulet of guardian spirit
Wands
 y - a wand of acid (2)
 B - a wand of scattershot (3)
 E - a wand of polymorph (11)
 K - a wand of iceblast (3)
Scrolls
 h - 3 scrolls of magic mapping
 j - 3 scrolls of enchant armour
 l - a scroll of enchant weapon
 m - 2 scrolls of identify
 q - 7 scrolls of teleportation
 s - 2 scrolls of fog
 t - 8 scrolls of remove curse
 z - 2 scrolls of holy word
 C - 3 scrolls of immolation
 H - a scroll of amnesia
Potions
 b - a potion of curing
 d - 2 potions of might
 k - 3 potions of agility
 n - 2 potions of magic
 r - 2 potions of brilliance
 A - a potion of heal wounds
Miscellaneous
 J - a fan of gales
Comestibles
 f - 19 rations
 o - 4 chunks of flesh


   Skills:
 + Level 3.0 Fighting
 - Level 8.1(10.4) Short Blades
 - Level 6.4 Armour
 - Level 9.0 Dodging
 - Level 9.2 Stealth
 - Level 2.4 Shields
 - Level 12.0 Spellcasting
 - Level 11.0 Hexes


You had 19 spell levels left.
You knew the following spells:

 Your Spells              Type           Power        Failure   Level  Hunger
a - Confuse               Hex            #.......     78%         3    ####...
b - Cause Fear            Hex            #.........   99%         4    #####..
c - Tukima's Dance        Hex            #.......     78%         3    ####...
d - Ensorcelled Hibernat  Hex/Ice        #.....       99%         2    ###....
e - Dazzling Spray        Conj/Hex       #.....       100%        3    ####...

Your spell library contained the following spells:

 Spells                   Type           Power        Failure   Level  Hunger
 Confusing Touch          Hex            #.....       41%         1    ##.....
 Corona                   Hex            #......      41%         1    ##.....
 Slow                     Hex            #.......     54%         2    ###....
 Animate Skeleton         Necr           N/A          100%        1    ##.....
 Apportation              Tloc           #.....       100%        1    ##.....
 Beastly Appendage        Tmut           #.....       100%        1    ##.....
 Pain                     Necr           #...         100%        1    ##.....
 Summon Small Mammal      Summ           #...         100%        1    ##.....
 Sticks to Snakes         Tmut           #.......     100%        2    ###....
 Gell's Gravitas          Tloc           #.........   100%        3    ####...
 Inner Flame              Hex/Fire       #.......     100%        3    ####...
 Portal Projectile        Hex/Tloc       #.....       100%        3    ####...
 Regeneration             Chrm/Necr      #.........   100%        3    ####...
 Spider Form              Tmut/Pois      #.........   100%        3    ####...
 Vampiric Draining        Necr           #.........   100%        3    ####...
 Animate Dead             Necr           N/A          100%        4    #####..
 Ice Form                 Ice/Tmut       #.......     100%        4    #####..
 Leda's Liquefaction      Hex/Erth       #.........   100%        4    #####..
 Petrify                  Tmut/Erth      #.......     100%        4    #####..
 Blade Hands              Tmut           #.........   100%        5    ######.
 Irradiate                Conj/Tmut      #.........   100%        5    ######.
 Metabolic Englaciation   Hex/Ice        #.........   100%        5    ######.
 Yara's Violent Unravell  Hex/Tmut       #.........   100%        5    ######.
 Hydra Form               Tmut           #.........   100%        6    #######
 Statue Form              Tmut/Erth      #........    100%        6    #######
 Dragon Form              Tmut           #.........   100%        7    #######


Dungeon Overview and Level Annotations

Branches:
Dungeon (12/15)            Temple (0/1) D:6            Lair (2/6) D:9
    Orc (0/2) D:11
  Swamp: Lair:2-4    Shoals: Lair:2-4     Snake: Lair:2-4    Spider: Lair:2-4

Altars:
Ashenzari
Cheibriados
Dithmenos
Elyvilon
Gozag
Nemelex Xobeh
Okawaru
Ru
Uskayaw
Yredelemnul

Shops:
D:4 [[*   D:7 %   D:12 (}


Innate Abilities, Weirdness & Mutations

You have a pair of small horns on your head.
You are agile. (Dex +2)
Your body often deteriorates upon taking damage.


Message History

The orc warrior is moderately wounded.
The orc warrior hits you but does no damage.
You hit the orc warrior but do no damage.
The orc warrior is moderately wounded.
You hit the orc warrior but do no damage.
The orc warrior is moderately wounded.
You block the orc warrior's attack.
Your shield and scale mail prevent you from hitting the orc warrior.
The orc warrior is moderately wounded.
The orc warrior hits you with a flail!
* * * LOW HITPOINT WARNING * * *
You catch the helpless orc warrior completely off-guard!
You hit the orc warrior.
Lightning courses through the orc warrior!
The orc warrior is almost dead.
You feel sick.
You barely miss the orc warrior.
The orc warrior is almost dead.
You block the orc warrior's attack.
Are you sure you want to abandon this character and quit the game? (Confirm with "yes".)

, ... #†#.....# ,* ,
, , ,#.##.#....# , *
,,#......# , *
#......#* ,, * **,,
#......# *,, , ,
#......###, .
.......[#÷..#.##...#
........#o#.....#
.......{#@#.....#
,........#.#.....#
,........#.#.....# *
...[....#.##...## ,
, ........#.###.##
,* * * #.# ## , ,*
,#.. , ,#.. , , * ,


You could see an orc warrior.

Vanquished Creatures
  A death yak (Lair:2)
  An unseen horror (D:11)
  An ugly thing (D:12)
  2 black mambas
  3 spiny frogs (Lair:1)
  An efreet (D:12)
  A troll (D:9)
  A merfolk (D:10)
  6 hippogriffs
  A meliai zombie (D:10)
  A shadow (D:12)
  14 yaks
  3 wargs (D:11)
  Duvessa (D:6)
  A soldier ant (D:11)
  2 water moccasins
  6 porcupines
  An ice beast (D:7)
  5 orc warriors
  2 sky beasts
  A black bear (D:8)
  3 phantoms
  3 ogres
  8 centaurs
  4 crocodiles
  3 big kobolds
  10 bullfrogs
  Dowan (D:6)
  14 scorpions
  8 killer bees (D:12)
  5 wights (D:10)
  5 howler monkeys
  3 crimson imps
  3 bullfrog zombies
  6 centaur zombies
  2 centaur skeletons
  12 orc priests
  3 hounds
  13 orc wizards
  2 bullfrog skeletons
  3 jellies
  A gnoll shaman (D:5)
  4 iguanas
  6 worker ants
  3 hound zombies
  3 mummies (Ossuary)
  4 worker ant zombies
  9 gnolls
  3 scorpion zombies (Ossuary)
  14 adders
  A shadow imp (D:9)
  An ooze (D:3)
  An adder zombie (D:5)
  An adder skeleton (D:8)
  3 worms
  A dart slug (D:1)
  10 leopard geckos
  51 orcs
  2 ball pythons
  5 giant cockroaches
  4 gnoll zombies (Ossuary)
  4 goblins
  5 hobgoblins
  6 jackals
  20 kobolds
  5 quokkas
  5 bats
  5 frilled lizards
  3 goblin zombies (Ossuary)
  2 hobgoblin zombies (Ossuary)
  A kobold zombie (Ossuary)
  2 orc zombies (Ossuary)
  5 rats
356 creatures vanquished.

Vanquished Creatures (others)
  A yak (Lair:1)
  A centaur simulacrum (D:12)
  A kobold zombie (Ossuary)
3 creatures vanquished.

Grand Total: 359 creatures vanquished

Notes
Turn   | Place    | Note
-------+----------+-------------------------------------------
     0 | D:1      | AverageBear the Deep Elf Fighter began the quest for the Orb.
     0 | D:1      | Reached XP level 1. HP: 13/13 MP: 3/3
   312 | D:1      | Reached XP level 2. HP: 18/18 MP: 4/4
  1136 | D:2      | Reached XP level 3. HP: 10/22 MP: 5/5
  1629 | D:2      | Found a hide-covered altar of Uskayaw.
  1673 | D:2      | Reached XP level 4. HP: 27/27 MP: 6/6
  2108 | D:3      | Reached skill level 5 in Short Blades
  2266 | D:3      | Reached skill level 1 in Dodging
  2274 | D:3      | Reached XP level 5. HP: 31/31 MP: 7/7
  2968 | D:4      | Noticed a phantom
  2988 | D:4      | Killed a phantom
  2988 | D:4      | Reached XP level 6. HP: 20/36 MP: 8/8
  3160 | D:4      | Reached skill level 5 in Dodging
  3202 | D:4      | Found Ereavvay's Antique Armour Shop.
  3486 | D:4      | Found Jokarcho's Assorted Antiques.
  3517 | D:4      | Found Atheih's Antique Armour Shop.
  3607 | D:5      | Entered Level 5 of the Dungeon
  3933 | D:5      | Reached XP level 7. HP: 24/40 MP: 9/9
  4247 | D:5      | Found a shadowy altar of Dithmenos.
  4828 | D:5      | Found a sacrificial altar of Ru.
  5079 | D:6      | Noticed Duvessa
  5079 | D:6      | Noticed Dowan
  5098 | D:6      | Killed Duvessa
  5098 | D:6      | Reached skill level 5 in Armour
  5102 | D:6      | Reached XP level 8. HP: 42/45 MP: 10/10
  5106 | D:6      | Killed Dowan
  5558 | D:6      | Found an opulent altar of Gozag.
  5558 | D:6      | Found a sparkling altar of Nemelex Xobeh.
  5782 | D:6      | Found a staircase to the Ecumenical Temple.
  6048 | D:4      | Bought a pair of embroidered boots for 187 gold pieces
  6180 | D:7      | Found Hyomed's Food Shop.
  6274 | D:7      | Found a sand-covered staircase.
  6292 | D:7      | Identified a +2 pair of boots of running (You found it on level 7 of the Dungeon)
  6295 | Ossuary  | Entered an ossuary
  6912 | Ossuary  | Reached skill level 1 in Spellcasting
  6922 | Ossuary  | Reached skill level 2 in Spellcasting
  6958 | Ossuary  | Reached skill level 3 in Spellcasting
  6971 | Ossuary  | Reached XP level 9. HP: 36/49 MP: 14/16
  6995 | Ossuary  | Reached skill level 4 in Spellcasting
  7227 | D:7      | Reached skill level 5 in Spellcasting
  7254 | D:7      | Found a white marble altar of Elyvilon.
  7696 | D:7      | Learned a level 3 spell: Confuse
  7996 | D:7      | Reached skill level 6 in Spellcasting
  8377 | D:7      | Reached skill level 7 in Spellcasting
  8431 | D:8      | Reached skill level 1 in Hexes
  8940 | D:8      | Found a basalt altar of Yredelemnul.
  8971 | D:8      | Reached skill level 5 in Hexes
  9057 | D:8      | Gained mutation: You are agile. (Dex +2) [potion of mutation]
  9057 | D:8      | Gained mutation: Your body sometimes deteriorates upon taking damage. [potion of mutation]
  9057 | D:8      | Gained mutation: Your body often deteriorates upon taking damage. [potion of mutation]
  9057 | D:8      | Gained mutation: You have a pair of small horns on your head. [potion of mutation]
  9199 | D:8      | Found a snail-covered altar of Cheibriados.
  9403 | D:9      | Found an iron altar of Okawaru.
  9508 | D:9      | Noticed a troll
 10071 | D:9      | Found a shattered altar of Ashenzari.
 10100 | D:9      | Became a worshipper of Ashenzari the Shackled
 10229 | D:9      | Reached XP level 10. HP: 32/54 MP: 19/22
 10477 | D:9      | HP: 1/54 [centaur/arrow (8)]
 10906 | D:9      | Found a staircase to the Lair.
 11056 | Lair:1   | Entered Level 1 of the Lair of Beasts
 11095 | Lair:1   | Noticed a spiny frog
 11119 | Lair:1   | Killed a spiny frog
 11267 | Lair:1   | Noticed a spiny frog
 11289 | Lair:1   | Killed a spiny frog
 11292 | Lair:1   | Reached skill level 1 in Stealth
 11821 | Lair:1   | Reached * piety under Ashenzari
 11918 | Lair:1   | Reached skill level 5 in Stealth
 11921 | Lair:1   | Noticed a spiny frog
 11937 | Lair:1   | Killed a spiny frog
 12379 | D:4      | Bought a shiny scale mail for 175 gold pieces
 12637 | D:9      | Found a sacrificial altar of Ru.
 12956 | D:10     | Entered Level 10 of the Dungeon
 12960 | D:10     | Reached XP level 11. HP: 58/58 MP: 23/23
 13609 | D:10     | Reached skill level 10 in Hexes
 14124 | D:11     | Noticed a white ugly thing
 14275 | Lair:1   | Noticed a seven-headed hydra
 14801 | D:11     | Learned a level 4 spell: Cause Fear
 14805 | D:11     | Learned a level 3 spell: Tukima's Dance
 14808 | D:11     | Learned a level 2 spell: Ensorcelled Hibernation
 14812 | D:11     | Learned a level 3 spell: Dazzling Spray
 15260 | Lair:1   | Reached skill level 8 in Spellcasting
 15637 | Lair:2   | Noticed a death yak
 15659 | Lair:2   | Killed a death yak
 15659 | Lair:2   | Reached skill level 9 in Spellcasting
 15660 | Lair:2   | Noticed a death yak
 15828 | Lair:2   | Identified the +4 hunting sling of Accidental Termination {freeze, +Inv rF+}
 15957 | Lair:2   | Noticed a seven-headed hydra
 16270 | D:11     | Found a staircase to the Orcish Mines.
 16271 | D:11     | Reached ** piety under Ashenzari
 16283 | D:11     | Reached skill level 10 in Spellcasting
 16879 | D:11     | Killed an unseen horror
 16879 | D:11     | Reached skill level 11 in Spellcasting
 17141 | D:12     | Found Heopit's Gadget Boutique.
 17195 | D:12     | Noticed a red ugly thing
 17196 | D:12     | Found Rogaonye's Antique Weapon Boutique.
 17231 | D:12     | Killed a red ugly thing
 17302 | D:12     | Reached skill level 12 in Spellcasting
 17398 | D:12     | Quit the game

Skill      XL: |  1  2  3  4  5  6  7  8  9 10 11 |
---------------+----------------------------------+-----
Short Blades   | 3 4 5 8 |  8.1
Dodging        | 1 4 6 9 |  9.0
Armour         | 3 5 6 |  6.4
Spellcasting   | 3 7 12 | 12.0
Hexes          | 8 11 | 11.0
Stealth        | 8 9 |  9.2
Fighting       | 3 |  3.0
Shields        | |  2.4

Action                   |  1- 3 |  4- 6 |  7- 9 | 10-12 || total
-------------------------+-------+-------+-------+-------++-------
Melee: Rapier            |    76 |       |       |       ||    76
       Short sword       |    53 |   155 |   550 |   680 ||  1438
       Headbutt          |       |       |    24 |    98 ||   122
       Dagger            |       |       |    15 |     5 ||    20
 Cast: Confuse           |       |       |     1 |    30 ||    31
Invok: Curse Item        |       |       |       |     4 ||     4
Evoke: Wand              |       |       |     6 |     5 ||    11
  Use: Scroll            |     1 |     7 |    10 |     7 ||    25
       Potion            |       |     3 |    16 |     7 ||    26
 Stab: Confused          |       |       |     1 |     7 ||     8
       Sleeping          |       |       |       |     6 ||     6
       Invisible         |       |       |       |     4 ||     4
       Distracted        |       |       |       |     1 ||     1
  Eat: Chunk             |     2 |     5 |    14 |    15 ||    36
       Ration            |       |     1 |     2 |     2 ||     5
Armor: Scale mail        |    46 |    39 |   182 |   235 ||   502
       Leather armour    |       |       |     6 |    26 ||    32
Dodge: Dodged            |    41 |    43 |   198 |   216 ||   498
Block: Shield            |    43 |    57 |   187 |   204 ||   491
